 Dungeon Crawl Stone Soup version 0.16-a0-5-g756871a (webtiles) character file.

249 PolkaDot the Cutter (level 5, -18/41 HPs)
             Began as a Vampire Chaos Knight on Aug 2, 2014.
             Was a Plaything of Xom.
             Engulfed by their own flame (20 damage)
             ... on Level 4 of the Dungeon.
             The game lasted 00:06:14 (2868 turns).

PolkaDot the Cutter (Vampire Chaos Knight)          Turns: 2868, Time: 00:06:16

HP -18/41        AC 13     Str 11      XL: 5   Next: 86%
MP   5/5         EV  4     Int 14      God: Xom
Gold 168         SH  0     Dex 14      Spells:  0 memorised,  4 levels left

rFire  . . .     SeeInvis +     b - +4 quarterstaff (chaos)
rCold  . . .     Clarity  .     h - +3 chain mail {god gift}
rNeg   . . .     rCorr    .     (no shield)
rPois  .         rRot     .     (no helmet)
rElec  .         Spirit   .     a - +0 cloak (curse)
SustAb .         Warding  .     (no gloves)
rMut   .         Stasis   .     (no boots)
Gourm  .                        (no amulet)
MR     .....                    (no ring)
                                (no ring)

@: regenerating quickly, not resistant to hostile enchantments, extremely
unstealthy
A: fangs 3, see invisible, unbreathing
a: Renounce Religion


You were on level 4 of the Dungeon.
You worshipped Xom.
You were a toy of Xom.
You were full.

You visited 1 branch of the dungeon, and saw 4 of its levels.

You collected 168 gold pieces.

Inventory:

Hand weapons
 b - a +4 quarterstaff of chaos (weapon)
Armour
 a - a cursed +0 cloak (worn)
 h - a +3 chain mail (worn) {god gift}
Magical devices
 q - a wand of confusion (7)
Scrolls
 c - 2 scrolls of immolation
 d - 2 scrolls of fog {unknown}
 e - 5 scrolls of identify
 f - a scroll of magic mapping {unknown}
 g - a scroll of fear {unknown}
 i - 3 scrolls of teleportation {unknown}
 j - 2 scrolls of remove curse {unknown}
 o - a scroll of recharging {unknown}
 p - a scroll of amnesia {unknown}
Potions
 k - a potion of might
 l - a potion of flight
 m - a potion of heal wounds
 n - 2 potions of agility


   Skills:
 - Level 3.2 Fighting
   Level 4.4 Short Blades
 * Level 2.7 Staves
 + Level 2.5 Armour
 - Level 2.1 Dodging


You had 4 spell levels left.
You didn't know any spells.

Dungeon Overview and Level Annotations

Branches:
Dungeon (4/15)
 Temple: D:4-7

Altars:
Okawaru
Vehumet
Xom
Zin


Innate Abilities, Weirdness & Mutations

Your natural rate of healing is unusually fast.
You have razor-sharp teeth.
You have supernaturally acute eyesight.
You can survive without breathing.


Message History

The giant newt bites you.
Read which item? (? for menu, Esc to quit)
Identify which item? (\ to view known items) (? for menu, Esc to quit)
As you read the scroll of identify, it crumbles to dust.
n - 2 potions of agility The giant newt barely misses you.
Evoke which item? (* to show all) (? for menu, Esc to quit)
Zapping:
q - a bronze wand
Press: ? - help, Shift-Dir - straight line, f - giant newt
Aim: a giant newt (inner flame)
The giant newt appears confused.
q - a wand of confusion {zapped: 1} You thump the giant newt!
The giant newt explodes!
The fiery explosion engulfs you!
Ouch! That really hurt!
* * * LOW HITPOINT WARNING * * *
You are engulfed in roaring flames.
You die...
Xom guffaws!

#######..#
#ยง@(....(#
#.####...#
#. # #. ..
.. ... ###


There were no monsters in sight!

Vanquished Creatures
  Crazy Yiuf (D:2)
  An orc priest (D:3)
  9 adders
  3 worms
  3 giant geckos
  14 orcs (D:3)
  A giant cockroach (D:1)
  12 goblins
  7 hobgoblins
  4 jackals (D:1)
  8 bats
  2 giant newts
  5 kobolds
  10 rats
80 creatures vanquished.

Notes
Turn   | Place    | Note
--------------------------------------------------------------
     0 | D:1      | PolkaDot, the Vampire Chaos Knight, began the quest for the Orb.
     0 | D:1      | Reached XP level 1. HP: 17/17 MP: 1/1
   130 | D:1      | Reached XP level 2. HP: 23/23 MP: 2/2
   303 | D:1      | Reached skill level 4 in Short Blades
   568 | D:1      | XOM: divination: detect creatures
   607 | D:1      | XOM: harmless Fire miscast
   697 | D:1      | XOM: noise
   811 | D:1      | XOM: god gift: 38 gold pieces
  1053 | D:2      | Reached XP level 3. HP: 27/29 MP: 3/3
  1098 | D:2      | XOM: god gift: runed chain mail {god gift}
  1176 | D:2      | Found a shimmering altar of Xom.
  1177 | D:2      | Noticed an angel
  1180 | D:2      | Found a glowing silver altar of Zin.
  1204 | D:2      | Reached skill level 1 in Armour
  1333 | D:2      | Noticed Crazy Yiuf
  1347 | D:2      | Killed Crazy Yiuf
  1347 | D:2      | Reached XP level 4. HP: 20/35 MP: 4/4
  1679 | D:2      | Reached skill level 1 in Staves
  1910 | D:3      | Reached XP level 5. HP: 35/41 MP: 5/5
  2016 | D:3      | Found an iron altar of Okawaru.
  2016 | D:3      | XOM: 7-stop teleportation journey
  2227 | D:3      | Found a radiant altar of Vehumet.
  2229 | D:3      | XOM: swap monsters
  2280 | D:3      | XOM: divination: magic mapping
  2515 | D:3      | XOM: enchant monster (good)
  2868 | D:4      | HP: 2/41 [giant newt/exploding inner flame[the player character] (36)]
  2868 | D:4      | Engulfed by their own flame

Action                   |  1- 3 |  4- 6 || total
-------------------------+-------+-------++-------
Melee: Short sword       |   115 |       ||   115
       Quarterstaff      |       |   122 ||   122
Evoke: Wand              |       |     1 ||     1
  Use: Potion            |     2 |       ||     2
       Scroll            |       |     4 ||     4
 Stab: Petrifying        |       |     1 ||     1
       Paralysed         |       |     4 ||     4
       Confused          |       |     1 ||     1
  Eat: Corpse            |    12 |     8 ||    20
